 Dungeon Crawl Stone Soup version 0.29-a0-340-g6efceafd81 (webtiles) character file.

Game seed: 12463991642089115902

86 Oblizorion the Chopper (level 4, 0/40 HPs)
             Began as a Hill Orc Fighter on Apr 19, 2022.
             Succumbed to an orc wizard's poison
             ... on level 3 of the Dungeon.
             The game lasted 00:07:25 (1512 turns).

Oblizorion the Chopper (Hill Orc Fighter)           Turns: 1512, Time: 00:07:26

Health: 0/40       AC:  9    Str: 18    XL:     4   Next: 49%
Magic:  4/4        EV: 10    Int:  8    God:
Gold:   168        SH:  0    Dex: 12    Spells: 3/3 levels left

rFire   . . .      SeeInvis .   a - +0 war axe
rCold   . . .      Faith    .   c - +1 buckler
rNeg    . . .      Spirit   .   f - +0 chain mail
rPois   .          Reflect  .   (no helmet)
rElec   .          Harm     .   (no cloak)
rCorr   .          Rampage  .   (no gloves)
Will    .....                   (no boots)
Stlth   ..........              (no amulet)
HPRegen 0.13/turn               p - +4 ring of evasion
MPRegen 0.09/turn               (no ring)

@: confused, lethally poisoned (0 -> -11)
A: no striking features
a: no special abilities


You were on level 3 of the Dungeon.
You visited 1 branch of the dungeon, and saw 3 of its levels.

You collected 168 gold pieces.

Inventory:

Hand Weapons
 a - a +0 war axe (weapon)
 q - a +0 hunting sling of flaming
Missiles
 o - 9 poisoned darts (quivered)
Armour
 c - a +1 buckler (worn)
 f - a +0 chain mail (worn)
Jewellery
 p - a +4 ring of evasion (left hand)
Scrolls
 j - a scroll of blinking
 l - a scroll of enchant armour
 m - 2 scrolls of silence
 r - a scroll of magic mapping
Potions
 d - a potion of might
 g - a potion of heal wounds {unknown}
 h - a potion of ambrosia {unknown}
 i - 2 potions of haste
 k - a potion of attraction {unknown}
 n - a potion of invisibility {unknown}


   Skills:
 + Level 4.1 Fighting
 + Level 4.8 Axes
 + Level 3.6 Armour
 + Level 0.2 Dodging
 + Level 3.7 Shields


You had 3 spell levels left.
You didn't know any spells.
Your spell library contained the following spells:

 Spells                   Type           Power      Damage    Failure   Level
 Confusing Touch          Hex            0%         N/A       100%        3
 Yara's Violent Unravell  Hex/Tmut       0%         3d3       100%        5
 Enfeeble                 Hex            0%         N/A       100%        7


Dungeon Overview and Level Annotations

Branches:
Dungeon (3/15)

Altars:


Message History

You closely miss something.
An orc comes into view. It is wielding a +0 short sword.
Something hits you but does no damage.
You are poisoned.
Something hits you but does no damage.
You are more poisoned.
The orc throws a boomerang.
You slash something!
You feel extremely sick.
You hear some strange, mumbled words.
You are confused.
An orc wizard comes into view. It is wielding a +0 dagger.
You're too confused to move!
You feel very sick. Something hits you but does no damage.
You are more poisoned.
You bump into the rock wall.
You feel very sick. Something hits you but does no damage.
You are lethally poisoned!
You hit something.
Reactivating autopickup.
You feel a bit more experienced.
* * * LOW HITPOINT WARNING * * *
You feel extremely sick.
You slash the orc wizard!
The orc wizard is severely wounded.
* * * LOW HITPOINT WARNING * * *
You feel very sick. The orc wizard barely misses you.
The orc wizard gestures at you while chanting.
You resist with some effort.
You bump into the rock wall.
* * * LOW HITPOINT WARNING * * *
You feel very sick.
The orc wizard gestures wildly while chanting.
The orc wizard flickers and vanishes!
Deactivating autopickup; reactivate with Ctrl-A.
You bump into the rock wall.
You die...

.....# #.#
..##.# #.#
..##.######.#
............#
...#.#####..####
.!...# #.....#
.....# #.###.#
.....# #.#
#.##### #....#
#....#.@{o#
....##
#####.###.#
.#.## #. # .#.#
#. .#.# .. .#.#
## .#.# .#.#
.#.#


You could see an orc.

Vanquished Creatures
  An orc wizard (D:3)
  An adder (D:3)
  4 dart slugs
  2 orcs (D:3)
  6 ball pythons
  5 bats (D:1)
  6 endoplasms
  3 hobgoblins
  3 kobolds
  2 quokkas
  2 frilled lizards
  4 goblins
  8 rats
47 creatures vanquished.

Notes
Turn   | Place    | Note
-------+----------+-------------------------------------------
     0 | D:1      | Oblizorion the Hill Orc Fighter began the quest for the
                  | Orb.
     0 | D:1      | Reached XP level 1. HP: 19/19 MP: 1/1
   205 | D:1      | Reached XP level 2. HP: 27/27 MP: 2/2
   423 | D:1      | Reached XP level 3. HP: 33/33 MP: 3/3
   743 | D:2      | Found a faded altar of an unknown god.
  1317 | D:3      | Reached XP level 4. HP: 34/40 MP: 4/4
  1512 | D:3      | Succumbed to an orc wizard's poison

Illustrated notes

Levels and vault maps discovered:
D:1:      dpeg_arrival_court, layout_rooms, lemuel_old_faithful
D:2:      layout_basic, chequers_ecumenical_altar_simple_redux
D:3:      layout_loops_ring

Skill      XL: |  1  2  3 |
---------------+----------+-----
Axes           | 3 4 |  4.8
Fighting       | 4 |  4.1
Armour         | |  3.6
Dodging        | |  0.2
Shields        | |  3.7

Action                   |  1- 3 |  4- 6 || total
-------------------------+-------+-------++-------
Melee: War axe           |    82 |    11 ||    93
Throw: Dart              |     1 |       ||     1
  Use: Scroll            |     8 |     3 ||    11
Armor: Chain mail        |    53 |     6 ||    59
Dodge: Dodged            |    30 |     2 ||    32
Block: Buckler           |    31 |     2 ||    33

Table legend: (Time is in decaauts)
 A = Elapsed time spent in this place.
 B = Non-inter-level travel time spent in this place.
 C = Inter-level travel time spent in this place.
 D = Time resting spent in this place.
 E = Time spent auto-exploring this place.
 F = Levels seen in this place.
 G = Mean time per level.
                   A        B        C        D        E       F      G
               +--------+--------+--------+--------+--------+-----+--------+
         Total |   1546 |   1521 |     25 |    182 |    696 |   3 |  515.3 |
       Dungeon |   1546 |   1521 |     25 |    182 |    696 |   3 |  515.3 |
               +--------+--------+--------+--------+--------+-----+--------+

Top non-repeatable levels by time:
     D:1: 666 daAuts
     D:3: 451 daAuts
     D:2: 427 daAuts
